Map: Dusk Towers

Players

WolfLord - Winner!

  • Race: Protoss Protoss
  • League: Bronze

juhyg

  • Race: Protoss Protoss

VOD

Have the link to the VOD?

Description

Time

  • Played on: Nov. 18, 2015, 4:07 p.m.
  • Length: 5:57
Show
View Real Time Build Order
Export as new Build Order

WolfLord Protoss - Winner!

Build Orders:  

Get SALT Encoding   

  12  0:02  Probe (Chrono Boost)  
  13  0:12  Probe (Chrono Boost)  
  14  0:22  Pylon  
  14  0:24  Probe (Chrono Boost)  
  15  0:40  Probe (Chrono Boost)  
  16  0:51  Probe (Chrono Boost)  
  17  0:57  Pylon  
  17  0:58  Assimilator  
  17  1:06  Gateway  
  17  1:11  Gateway  
  17  1:16  Gateway  
  17  1:35  Probe (Chrono Boost)  
  18  1:44  Gateway  
  18  1:46  Probe (Chrono Boost)  
  19  1:56  Cybernetics Core, Zealot  
  21  2:25  Nexus  
  21  2:32  Warp Gate (Chrono Boost)  
  21  2:34  Adept  
  23  2:41  Stalker  
  25  2:47  Adept  
  27  2:54  Zealot  
  29  3:05  Pylon  
  29  3:07  Adept  
  31  3:24  Mothership Core  
  33  3:36  Assimilator  
  33  3:37  Probe  
  34  3:45  Probe  
  34  3:47  Probe  
  35  3:51  Adept  
  38  3:56  Stalker  
  38  3:57  Probe  
  38  3:58  Probe  
  42  4:09  Probe x2  
  44  4:19  Probe  
  44  4:21  Probe  
  46  4:29  Stalker x2  
  46  4:30  Adept  
  52  4:38  Adept  
  54  4:54  Pylon  
  54  4:57  Pylon  
  54  5:10  Probe  
  54  5:12  Probe  
  56  5:18  Forge  
  56  5:21  Probe  
  56  5:22  Gateway  
  56  5:24  Probe  
  56  5:38  Adept x2  
  56  5:39  Stalker x2  
Show
View Real Time Build Order
Export as new Build Order

juhyg Protoss 

Build Orders: Colossus Rush 

Get SALT Encoding   

  12  0:13  Pylon  
  12  0:19  Assimilator  
  12  0:26  Probe (Chrono Boost)  
  13  0:36  Gateway  
  13  0:39  Probe (Chrono Boost)  
  14  0:49  Probe (Chrono Boost)  
  15  1:00  Probe (Chrono Boost)  
  16  1:09  Assimilator  
  16  1:15  Probe (Chrono Boost)  
  17  1:23  Cybernetics Core  
  17  1:30  Pylon  
  17  1:37  Probe (Chrono Boost)  
  17  1:39  Zealot  
  20  1:51  Probe (Chrono Boost)  
  21  2:02  Robotics Facility  
  21  2:04  Pylon  
  21  2:09  Probe (Chrono Boost)  
  22  2:29  Warp Gate (Chrono Boost)  
  22  2:40  Adept  
  24  2:49  Warp Prism  
  26  2:54  Robotics Bay  
  26  2:57  Pylon  
  26  3:09  Probe  
  27  3:44  Nexus, Disruptor (Chrono Boost)  
  30  3:52  Mothership Core  
  32  4:13  Probe  
  33  4:20  Disruptor (Chrono Boost)  
  36  4:25  Gateway  
  36  4:27  Gateway  
  36  4:39  Stalker  
  38  4:56  Colossus (Chrono Boost)  
  44  5:01  Probe x2  
  46  5:17  Stalker  
  42  5:29  Stalker x2  
Tags
 
League
Bronze
Matchup
PvP
Add a new tag
Caveats
  • Supply blocks, unpowered buildings, or Contaminate may cause inaccurate times.
  • Supply counts are checked every 10 seconds.